[Event "GambitGuide"]
[Site "Internet Chess Club"]
[Date "2014.10.31"]
[Round "1"]
[White "JSBach"]
[Black "sheepy"]
[Result "1-0"]
[ICCResult "Black checkmated"]
[WhiteElo "1668"]
[BlackElo "1040"]
[Opening "Vienna: `Frankenstein-Dracula' variation"]
[ECO "C27"]
[NIC "VG.02"]
[Time "09:03:49"]
[TimeControl "120+12"]

1. e4 e5 2. Nc3 Nf6 3. Bc4 Nxe4 4. Qh5 Nd6 5. Bb3 Nc6 6. Nb5 g6 7. Qf3 f5 8.
Qd5 Qe7 9. Nxc7+ Kd8 10. Nxa8 b6 11. d3 Bh6 12. Bxh6 Qg5 13. Bxg5+ Ke8 14.
Nc7+ Kf8 15. Qxd6+ Kg7 16. Qf6# {Black checkmated} 1-0

[Event "GambitGuide"]
[Site "Internet Chess Club"]
[Date "2014.10.31"]
[Round "1"]
[White "JSBach"]
[Black "Chessprincess64"]
[Result "1-0"]
[ICCResult "Black resigns"]
[WhiteElo "1668"]
[BlackElo "2000"]
[Opening "Vienna: `Frankenstein-Dracula' variation"]
[ECO "C27"]
[NIC "VG.02"]
[Time "09:03:30"]
[TimeControl "120+12"]

1. e4 e5 2. Nc3 Nf6 3. Bc4 Nxe4 4. Qh5 Nd6 5. Bb3 Nc6 6. Nb5 g6 7. Qf3 f5 8.
Qd5 Qe7 9. Nxc7+ Kd8 10. Nxa8 b6 11. d3 Bb7 12. Nxb6 axb6 13. Qf3 Kc7 14.
Be3 e4 15. Qf4 g5 16. Qxg5 Qe5 17. O-O-O Bg7 18. d4 {Black resigns} 1-0

[Event "GambitGuide"]
[Site "Internet Chess Club"]
[Date "2014.10.31"]
[Round "1"]
[White "JSBach"]
[Black "spice2nite"]
[Result "1-0"]
[ICCResult "Black resigns"]
[WhiteElo "1668"]
[BlackElo "1638"]
[Opening "Vienna: `Frankenstein-Dracula' variation"]
[ECO "C27"]
[NIC "VG.02"]
[Time "09:02:31"]
[TimeControl "120+12"]

1. e4 e5 2. Nc3 Nf6 3. Bc4 Nxe4 4. Qh5 Nd6 5. Bb3 Nc6 6. Nb5 g6 7. Qf3 f5 8.
Qd5 Qe7 9. Nxc7+ Kd8 10. Nxa8 b6 11. d3 Bb7 12. Nxb6 axb6 13. Qf3 Nd4 14.
Qg3 f4 15. Qg4 e4 16. Kf1 g5 17. h4 h5 18. Qxg5 Qxg5 19. hxg5 e3 20. fxe3
N4f5 21. Rh3 Bg7 22. exf4 h4 23. Nf3 Ng3+ 24. Ke1 Re8+ 25. Kd1 Ndf5 26. Nxh4
Bd4 27. c3 Bf2 28. Nxf5 Nxf5 29. g4 Ng3 30. Kc2 Bf3 31. g6 Bxg4 32. Rh7 Bf5
33. Bf7 Re2+ 34. Bd2 Be3 35. Rh8+ Kc7 36. g7 Rxd2+ 37. Kb3 {Black resigns}
1-0

[Event "GambitGuide"]
[Site "Internet Chess Club"]
[Date "2014.10.31"]
[Round "1"]
[White "JSBach"]
[Black "FlameOak4464"]
[Result "1/2-1/2"]
[ICCResult "Game drawn by repetition"]
[WhiteElo "1668"]
[BlackElo "1830"]
[Opening "Vienna: `Frankenstein-Dracula' variation"]
[ECO "C27"]
[NIC "VG.02"]
[Time "09:04:15"]
[TimeControl "120+12"]

1. e4 e5 2. Nc3 Nf6 3. Bc4 Nxe4 4. Qh5 Nd6 5. Bb3 Nc6 6. Nb5 g6 7. Qf3 f5 8.
Qd5 Qe7 9. Nxc7+ Kd8 10. Nxa8 b6 11. d3 Bb7 12. Nxb6 axb6 13. Qf3 Nd4 14.
Qg3 f4 15. Qg4 h5 16. Qxg6 Rh6 17. Qg8 Qf6 18. Nf3 Rg6 19. Qh7 Nxf3+ 20.
gxf3 Bxf3 21. Rf1 Rh6 22. Qg8 Rg6 23. Qh7 Rh6 24. Qg8 Rg6 25. Qh7 Rh6 26.
Qg8 Rg6 27. Qh7 Rh6 28. Qg8 Rg6 29. Qh7 Rh6 30. Qg8 Rg6 31. Qh7 Rh6 32. Qg8
Rg6 33. Qh7 Rh6 34. Qg8 Rg6 35. Qh7 Rh6 36. Qg8 Rg6 37. Qh7 Rh6 38. Qg8 Rg6
39. Qh7 Rh6 40. Qg8 Rg6 41. Qh7 Rh6 42. Qg8 Rg6 43. Qh7 Rh6 44. Qg8 Rg6 45.
Qh7 Rh6 46. Qg8 Rg6 47. Qh7 Rh6 48. Qg8 Rg6 49. Qh7 Rh6 50. Qg8 Rg6 51. Qh7
Rh6 52. Qg8 Rg6 53. Qh7 Rh6 54. Qg8 Rg6 55. Qh7 Rh6 56. Qg8 Rg6 57. Qh7 Rh6
58. Qg8 {Game drawn by repetition} 1/2-1/2

[Event "GambitGuide"]
[Site "Internet Chess Club"]
[Date "2014.10.31"]
[Round "1"]
[White "JSBach"]
[Black "sheepy"]
[Result "1-0"]
[ICCResult "Black resigns"]
[WhiteElo "1668"]
[BlackElo "1040"]
[Opening "Vienna: `Frankenstein-Dracula' variation"]
[ECO "C27"]
[NIC "VG.02"]
[Time "09:04:40"]
[TimeControl "120+12"]

1. e4 e5 2. Nc3 Nf6 3. Bc4 Nxe4 4. Qh5 Nd6 5. Bb3 Nc6 6. Nb5 g6 7. Qf3 f5 8.
Qd5 Qe7 9. Nxc7+ Kd8 10. Nxa8 b6 11. d3 Nb4 12. Bg5 Qxg5 13. Qxe5 Bb7 14.
Qxh8 Bxa8 15. Qxf8+ Kc7 16. Qxa8 Nb5 17. a4 Nd4 18. Qxa7+ Kd6 19. Qxb6+ Ke7
20. Qxb4+ Kd8 21. Qxd4 Kc7 22. Bd5 Kd6 23. Qb6+ Ke7 24. Qe3+ Kd6 25. Qxg5
Kc7 26. Qf6 {Black resigns} 1-0

[Event "GambitGuide"]
[Site "Internet Chess Club"]
[Date "2014.10.31"]
[Round "1"]
[White "JSBach"]
[Black "leonardoalmeida"]
[Result "1-0"]
[ICCResult "Black resigns"]
[WhiteElo "1668"]
[BlackElo "1834"]
[Opening "Vienna: `Frankenstein-Dracula' variation"]
[ECO "C27"]
[NIC "VG.02"]
[Time "09:04:11"]
[TimeControl "120+12"]

1. e4 e5 2. Nc3 Nf6 3. Bc4 Nxe4 4. Qh5 Nd6 5. Bb3 Nc6 6. Nb5 g6 7. Qf3 f5 8.
Qd5 Qe7 9. Nxc7+ Kd8 10. Nxa8 b6 11. d3 Bb7 12. Nxb6 axb6 13. Qf3 Nd4 14.
Qg3 f4 15. Qg4 Bg7 16. Ba4 Bf6 17. c3 Ne6 18. Bb3 Nc5 19. Bc2 Rg8 20. Bd2 h5
21. Qh3 g5 22. f3 Qe6 23. Qxh5 g4 24. b4 Na6 25. Bb3 Qe8 26. Qxe8+ Rxe8 27.
O-O-O gxf3 28. Nxf3 Kc7 29. Rhf1 {Black resigns} 1-0

[Event "GambitGuide"]
[Site "Internet Chess Club"]
[Date "2014.10.31"]
[Round "1"]
[White "JSBach"]
[Black "cmcmark"]
[Result "1-0"]
[ICCResult "Black resigns"]
[WhiteElo "1681"]
[BlackElo "1317"]
[Opening "Vienna: `Frankenstein-Dracula' variation"]
[ECO "C27"]
[NIC "VG.02"]
[Time "09:04:38"]
[TimeControl "120+12"]

1. e4 e5 2. Nc3 Nf6 3. Bc4 Nxe4 4. Qh5 Nd6 5. Bb3 Nc6 6. Nb5 g6 7. Qf3 f5 8.
Qd5 Qe7 9. Nxc7+ Kd8 10. Nxa8 b6 11. d3 Bb7 12. Nxb6 axb6 13. Qf3 Na5 14.
Qe3 Kc7 15. Nf3 Bxf3 16. Qxf3 e4 17. dxe4 Qxe4+ 18. Qxe4 Nxe4 19. Bd5 Nc5
20. Bd2 Nc6 21. Bc3 Ne7 22. Bf7 d5 23. Bxh8 Bh6 24. Bf6 Nc8 25. Bxd5 Nd6 26.
Rd1 Nde4 27. Be5+ Kd8 28. Bxe4+ {Black resigns} 1-0

[Event "GambitGuide"]
[Site "Internet Chess Club"]
[Date "2014.10.31"]
[Round "1"]
[White "JSBach"]
[Black "Muzza"]
[Result "1-0"]
[ICCResult "Black resigns"]
[WhiteElo "1681"]
[BlackElo "1950"]
[Opening "Vienna: `Frankenstein-Dracula' variation"]
[ECO "C27"]
[NIC "VG.02"]
[Time "09:04:51"]
[TimeControl "120+12"]

1. e4 e5 2. Nc3 Nf6 3. Bc4 Nxe4 4. Qh5 Nd6 5. Bb3 Nc6 6. Nb5 g6 7. Qf3 f5 8.
Qd5 Qe7 9. Nxc7+ Kd8 10. Nxa8 b6 11. d3 Bb7 12. Nxb6 axb6 13. Qf3 Nd4 14.
Qg3 f4 15. Qg4 Qf6 16. Ba4 Qf5 17. Qxf5 gxf5 18. f3 Rg8 19. c3 Nc6 20. Bxc6
dxc6 21. Kf2 Ke7 22. Ne2 c5 23. d4 cxd4 24. cxd4 Bg7 25. dxe5 Bxe5 26. Re1
Kf6 27. Bxf4 Bxf4 28. Nxf4 Nc4 29. Rad1 Nxb2 30. Rd6+ Kg5 31. Rxb6
{Black resigns}
1-0

[Event "GambitGuide"]
[Site "Internet Chess Club"]
[Date "2014.10.31"]
[Round "1"]
[White "JSBach"]
[Black "spice2nite"]
[Result "0-1"]
[ICCResult "White checkmated"]
[WhiteElo "1681"]
[BlackElo "1638"]
[Opening "Vienna: `Frankenstein-Dracula' variation"]
[ECO "C27"]
[NIC "VG.02"]
[Time "09:05:47"]
[TimeControl "120+12"]

1. e4 e5 2. Nc3 Nf6 3. Bc4 Nxe4 4. Qh5 Nd6 5. Bb3 Nc6 6. Nb5 g6 7. Qf3 f5 8.
Qd5 Qe7 9. Nxc7+ Kd8 10. Nxa8 b6 11. d3 Bb7 12. Nxb6 axb6 13. Qf3 Nd4 14.
Qg3 f4 15. Qg4 e4 16. Kf1 exd3 17. cxd3 Ba6 18. Qh3 f3 19. gxf3 Bxd3+ 20.
Kg2 N6f5 21. Bd5 Nh4+ 22. Kg3 Ndf5+ 23. Qxf5 Nxf5+ 24. Kg2 Nh4+ 25. Kh3 Bf5+
26. Kg3 Bg7 27. Nh3 Bxh3 28. Kxh3 Rf8 29. Re1 Qf6 30. f4 Qf5+ 31. Kg3 Qxd5
32. Kxh4 Qg2 33. Re5 Bxe5 34. fxe5 Rf3 35. Bg5+ Ke8 36. Be3 Rh3#
{White checkmated}
0-1

[Event "GambitGuide"]
[Site "Internet Chess Club"]
[Date "2014.10.31"]
[Round "1"]
[White "JSBach"]
[Black "central321"]
[Result "1-0"]
[ICCResult "Black checkmated"]
[WhiteElo "1681"]
[BlackElo "1642"]
[Opening "Vienna: `Frankenstein-Dracula' variation"]
[ECO "C27"]
[NIC "VG.02"]
[Time "09:01:53"]
[TimeControl "120+12"]

1. e4 e5 2. Nc3 Nf6 3. Bc4 Nxe4 4. Qh5 Nd6 5. Bb3 Nc6 6. Nb5 g6 7. Qf3 f5 8.
Qd5 Qe7 9. Nxc7+ Kd8 10. Nxa8 b6 11. d3 Bb7 12. Nxb6 axb6 13. Qf3 Kc7 14.
Be3 Bg7 15. Bd5 e4 16. Qf4 Be5 17. Qh6 Bxb2 18. Rb1 Qf6 19. Ne2 Ra8 20. d4
Ba3 21. c3 Na5 22. Bxb7 Naxb7 23. Qxh7 Nc4 24. Bf4+ Bd6 25. Rb4 Na3 26. Rb2
Nc4 27. Rb4 Na3 28. Rb2 Nc4 29. Rb4 Na3 30. Rb2 Nc4 31. Rb4 Qe6 32. Bxd6+
Nbxd6 33. Nf4 Qf6 34. Nd5+ Kc6 35. Nxf6 Rxa2 36. Qxd7# {Black checkmated}
1-0

[Event "GambitGuide"]
[Site "Internet Chess Club"]
[Date "2014.10.31"]
[Round "1"]
[White "JSBach"]
[Black "dbv"]
[Result "1-0"]
[ICCResult "Black resigns"]
[WhiteElo "1681"]
[BlackElo "2019"]
[Opening "Vienna: `Frankenstein-Dracula' variation"]
[ECO "C27"]
[NIC "VG.02"]
[Time "09:06:21"]
[TimeControl "120+12"]

1. e4 e5 2. Nc3 Nf6 3. Bc4 Nxe4 4. Qh5 Nd6 5. Bb3 Nc6 6. Nb5 g6 7. Qf3 f5 8.
Qd5 Qe7 9. Nxc7+ Kd8 10. Nxa8 b6 11. d3 Nb4 12. Qf3 Bb7 13. Qg3 f4 14. Qg4
Nb5 15. a3 Nd4 16. axb4 Nxb3 17. Rxa7 Qxb4+ 18. c3 {Black resigns} 1-0

[Event "GambitGuide"]
[Site "Internet Chess Club"]
[Date "2014.10.31"]
[Round "1"]
[White "JSBach"]
[Black "Archilleus"]
[Result "1-0"]
[ICCResult "Black resigns"]
[WhiteElo "1681"]
[BlackElo "1348"]
[Opening "Vienna: `Frankenstein-Dracula' variation"]
[ECO "C27"]
[NIC "VG.02"]
[Time "09:06:50"]
[TimeControl "120+12"]

1. e4 e5 2. Nc3 Nf6 3. Bc4 Nxe4 4. Qh5 Nd6 5. Bb3 Nc6 6. Nb5 g6 7. Qf3 f5 8.
Qd5 Qe7 9. Nxc7+ Kd8 10. Nxa8 b6 11. d3 Nb4 12. Qf3 Bb7 13. Qe3 Bxa8 14. Qg5
Qxg5 15. Bxg5+ Be7 16. Bxe7+ Kxe7 17. f3 {Black resigns} 1-0

[Event "GambitGuide"]
[Site "Internet Chess Club"]
[Date "2014.10.31"]
[Round "1"]
[White "JSBach"]
[Black "sheepy"]
[Result "1-0"]
[ICCResult "Black resigns"]
[WhiteElo "1681"]
[BlackElo "1040"]
[Opening "Vienna: `Frankenstein-Dracula' variation"]
[ECO "C27"]
[NIC "VG.02"]
[Time "09:06:33"]
[TimeControl "120+12"]

1. e4 e5 2. Nc3 Nf6 3. Bc4 Nxe4 4. Qh5 Nd6 5. Bb3 Nc6 6. Nb5 g6 7. Qf3 f5 8.
Qd5 Qe7 9. Nxc7+ Kd8 10. Nxa8 b6 11. d3 Bb7 12. Nxb6 axb6 13. Qf3 Nd4 14.
Qg3 f4 15. Qg4 Nxb3 16. axb3 Nb5 17. c4 Qb4+ 18. Bd2 Qxb3 19. cxb5 Qxb5 20.
Ra7 Qxd3 21. Qg5+ Be7 22. Qxe5 Qb1+ 23. Ke2 {Black resigns} 1-0

[Event "GambitGuide"]
[Site "Internet Chess Club"]
[Date "2014.10.31"]
[Round "1"]
[White "JSBach"]
[Black "beware"]
[Result "1-0"]
[ICCResult "Black checkmated"]
[WhiteElo "1681"]
[BlackElo "1991"]
[Opening "Vienna: `Frankenstein-Dracula' variation"]
[ECO "C27"]
[NIC "VG.02"]
[Time "09:08:04"]
[TimeControl "120+12"]

1. e4 e5 2. Nc3 Nf6 3. Bc4 Nxe4 4. Qh5 Nd6 5. Bb3 Nc6 6. Nb5 g6 7. Qf3 f5 8.
Qd5 Qe7 9. Nxc7+ Kd8 10. Nxa8 b6 11. d3 Bb7 12. Nxb6 axb6 13. Qf3 e4 14. Qe3
Bg7 15. Qxb6+ Kc8 16. dxe4 Nxe4 17. Ne2 Bd4 18. Nxd4 Ng3+ 19. Ne6 Qxe6+ 20.
Bxe6 Nxh1 21. Bxd7+ Kxd7 22. Qxb7+ Kd6 23. Bf4+ Kc5 24. Be3+ Kd6 25. O-O-O+
Ke5 26. f4+ Ke4 27. Qxc6+ Kxe3 28. Qf3# {Black checkmated} 1-0

[Event "GambitGuide"]
[Site "Internet Chess Club"]
[Date "2014.10.31"]
[Round "1"]
[White "JSBach"]
[Black "dbv"]
[Result "1-0"]
[ICCResult "Black checkmated"]
[WhiteElo "1681"]
[BlackElo "2019"]
[Opening "Vienna: `Frankenstein-Dracula' variation"]
[ECO "C27"]
[NIC "VG.02"]
[Time "09:07:54"]
[TimeControl "120+12"]

1. e4 e5 2. Nc3 Nf6 3. Bc4 Nxe4 4. Qh5 Nd6 5. Bb3 Nc6 6. Nb5 g6 7. Qf3 f5 8.
Qd5 Qe7 9. Nxc7+ Kd8 10. Nxa8 b6 11. d3 e4 12. dxe4 Nxe4 13. Be3 Bb7 14.
Nxb6 axb6 15. Bxb6+ Kc8 16. Be3 Bg7 17. c3 Re8 18. O-O-O Nxc3 19. bxc3 Qa3+
20. Kb1 Ne5 21. Qd6 Be4+ 22. Ka1 Nc4 23. Qxd7+ Kb8 24. Qxe8+ Kb7 25. Rd7+
Kc6 26. Qc8+ Kb5 27. Bxc4+ Ka5 28. Qa6# {Black checkmated} 1-0

[Event "GambitGuide"]
[Site "Internet Chess Club"]
[Date "2014.10.31"]
[Round "1"]
[White "JSBach"]
[Black "Chessprincess64"]
[Result "1-0"]
[ICCResult "Black resigns"]
[WhiteElo "1703"]
[BlackElo "2000"]
[Opening "Vienna: `Frankenstein-Dracula' variation"]
[ECO "C27"]
[NIC "VG.02"]
[Time "09:04:39"]
[TimeControl "120+12"]

1. e4 e5 2. Nc3 Nf6 3. Bc4 Nxe4 4. Qh5 Nd6 5. Bb3 Nc6 6. Nb5 g6 7. Qf3 f5 8.
Qd5 Qe7 9. Nxc7+ Kd8 10. Nxa8 b6 11. d3 Bb7 12. Nxb6 axb6 13. Qf3 Bg7 14.
Be3 Kc7 15. Bd5 Nb4 16. Bxb6+ Kxb6 17. Qe3+ Kc7 18. Qc5+ Nc6 19. Nf3 e4 20.
dxe4 fxe4 21. Ng1 Qe5 22. Rd1 Qxb2 23. Ne2 Qb4+ 24. Qxb4 Nxb4 25. Bb3 e3 26.
fxe3 Bxg2 27. Rg1 Be4 28. Rg5 Bh6 29. Rc5+ Kb6 30. Re5 {Black resigns} 1-0

[Event "GambitGuide"]
[Site "Internet Chess Club"]
[Date "2014.10.31"]
[Round "1"]
[White "JSBach"]
[Black "Chessprincess64"]
[Result "1-0"]
[ICCResult "Black resigns"]
[WhiteElo "1703"]
[BlackElo "2000"]
[Opening "Vienna: `Frankenstein-Dracula' variation"]
[ECO "C27"]
[NIC "VG.02"]
[Time "09:09:59"]
[TimeControl "120+12"]

1. e4 e5 2. Nc3 Nf6 3. Bc4 Nxe4 4. Qh5 Nd6 5. Bb3 Nc6 6. Nb5 g6 7. Qf3 f5 8.
Qd5 Qe7 9. Nxc7+ Kd8 10. Nxa8 b6 11. d3 Bb7 12. Nxb6 axb6 13. Qf3 Nd4 14.
Qg3 Kc7 15. Bg5 Qe8 16. Bf6 Rg8 17. Bxg8 {Black resigns} 1-0

[Event "GambitGuide"]
[Site "Internet Chess Club"]
[Date "2014.10.31"]
[Round "1"]
[White "JSBach"]
[Black "Archilleus"]
[Result "1-0"]
[ICCResult "Black resigns"]
[WhiteElo "1703"]
[BlackElo "1348"]
[Opening "Vienna: `Frankenstein-Dracula' variation"]
[ECO "C27"]
[NIC "VG.02"]
[Time "09:08:20"]
[TimeControl "120+12"]

1. e4 e5 2. Nc3 Nf6 3. Bc4 Nxe4 4. Qh5 Nd6 5. Bb3 Nc6 6. Nb5 g6 7. Qf3 f5 8.
Qd5 Qe7 9. Nxc7+ Kd8 10. Nxa8 b6 11. d3 Nb4 12. Qf3 Bb7 13. Qe3 Bxa8 14. Qg3
e4 15. Bg5 {Black resigns} 1-0

[Event "GambitGuide"]
[Site "Internet Chess Club"]
[Date "2014.10.31"]
[Round "1"]
[White "JSBach"]
[Black "cherry"]
[Result "0-1"]
[ICCResult "White checkmated"]
[WhiteElo "1703"]
[BlackElo "1400"]
[Opening "Vienna: `Frankenstein-Dracula' variation"]
[ECO "C27"]
[NIC "VG.02"]
[Time "09:00:06"]
[TimeControl "120+12"]

1. e4 e5 2. Nc3 Nf6 3. Bc4 Nxe4 4. Qh5 Nd6 5. Bb3 Nc6 6. Nb5 g6 7. Qf3 f5 8.
Qd5 Qe7 9. Nxc7+ Kd8 10. Nxa8 b6 11. d3 Bb7 12. Nxb6 axb6 13. Qf3 Bg7 14.
Be3 Kc7 15. Bd5 f4 16. Bxb6+ Kxb6 17. Ne2 Kc7 18. c4 Nf5 19. Nc3 Nfd4 20.
Qd1 Qb4 21. Qd2 Rb8 22. O-O Ba8 23. Rab1 h5 24. Rfe1 g5 25. Bf7 Ne7 26. Bxh5
Qd6 27. Ne4 Bxe4 28. Qa5+ Qb6 29. Qxb6+ Rxb6 30. dxe4 Nec6 31. b3 Bf8 32.
Rf1 Bb4 33. a4 Na5 34. Bd1 Kc6 35. g3 Kc5 36. h4 gxh4 37. gxh4 f3 38. Kh2
Bd2 39. h5 Rh6 40. Kg3 Rxh5 41. Kg4 Rh8 42. Rb2 Bc3 43. Rb1 d6 44. Kg3 Kb4
45. Bxf3 Naxb3 46. c5 dxc5 47. Bg4 Bd2 48. Bd7 c4 49. Rh1 c3 50. Rxh8 c2 51.
Rb8+ Kc3 52. Rc8+ Kd3 53. Bb5+ Nxb5 54. Rxb3+ Nc3 55. Rd8+ Ke2 56. Rxd2+
Kxd2 57. Rb2 Nxa4 58. Ra2 Nc3 59. Rb2 Ne2+ 60. Kf3 Nf4 61. Kg4 Kc3 62. Rb7
Kd2 63. Rb2 Kc3 64. Rb7 c1=Q 65. Rc7+ Kd2 66. Rxc1 Kxc1 67. Kg5 Kd2 68. Kf5
Nd3 69. f3 Ke3 70. Kg4 Kf2 71. Kg5 Kxf3 72. Kh4 Kxe4 73. Kg5 Kf3 74. Kh5 e4
75. Kg5 e3 76. Kf5 e2 77. Ke6 e1=Q+ 78. Kd5 Qe4+ 79. Kd6 Qe5+ 80. Kc6 Qc5+
81. Kd7 Ke4 82. Ke6 Qc6+ 83. Ke7 Ke5 84. Kf8 Qc7 85. Ke8 Ke6 86. Kf8 Qf7#
{White checkmated}
0-1

[Event "GambitGuide"]
[Site "Internet Chess Club"]
[Date "2014.10.31"]
[Round "1"]
[White "JSBach"]
[Black "cmcmark"]
[Result "1-0"]
[ICCResult "Black resigns"]
[WhiteElo "1698"]
[BlackElo "1317"]
[Opening "Vienna: `Frankenstein-Dracula' variation"]
[ECO "C27"]
[NIC "VG.02"]
[Time "09:07:25"]
[TimeControl "120+12"]

1. e4 e5 2. Nc3 Nf6 3. Bc4 Nxe4 4. Qh5 Nd6 5. Bb3 Nc6 6. Nb5 g6 7. Qf3 f5 8.
Qd5 Qe7 9. Nxc7+ Kd8 10. Nxa8 b6 11. d3 Bb7 12. Nxb6 axb6 13. Qf3 Kc7 14.
Bd2 Nd4 15. Qg3 Nxb3 16. axb3 Bg7 17. Ra7 Kb8 18. Bg5 Qe6 19. Ra1 h6 20. Qe3
hxg5 21. Qxb6 Rc8 22. c4 Rc6 23. Qd8+ Rc8 24. Qb6 e4 25. Qa7+ Kc7 26. d4 Ra8
27. Qc5+ Kb8 28. Rxa8+ Kxa8 29. Qa5+ Kb8 30. Qd8+ Nc8 31. Ne2 Bf6 32. Qa5
Qa6 33. Qa4 Qxa4 34. bxa4 Nb6 35. b3 f4 36. a5 Nc8 37. b4 Nd6 38. c5 Nb5 39.
h4 Nxd4 40. hxg5 Nxe2 41. gxf6 Nd4 42. f7 Ne6 43. Rh8+ Kc7 44. Re8 Bd5 45.
Rxe6 Bxe6 46. f8=Q g5 47. a6 {Black resigns} 1-0

[Event "GambitGuide"]
[Site "Internet Chess Club"]
[Date "2014.10.31"]
[Round "1"]
[White "JSBach"]
[Black "Muzza"]
[Result "1-0"]
[ICCResult "Black resigns"]
[WhiteElo "1698"]
[BlackElo "1950"]
[Opening "Vienna: `Frankenstein-Dracula' variation"]
[ECO "C27"]
[NIC "VG.02"]
[Time "09:10:24"]
[TimeControl "120+12"]

1. e4 e5 2. Nc3 Nf6 3. Bc4 Nxe4 4. Qh5 Nd6 5. Bb3 Nc6 6. Nb5 g6 7. Qf3 f5 8.
Qd5 Qe7 9. Nxc7+ Kd8 10. Nxa8 b6 11. d3 Nd4 12. h4 h6 13. f4 exf4+ 14. Kd1
Bg7 15. Bxf4 Re8 16. Kd2 {Black resigns} 1-0

[Event "GambitGuide"]
[Site "Internet Chess Club"]
[Date "2014.10.31"]
[Round "1"]
[White "JSBach"]
[Black "central321"]
[Result "1-0"]
[ICCResult "Black resigns"]
[WhiteElo "1698"]
[BlackElo "1642"]
[Opening "Vienna: `Frankenstein-Dracula' variation"]
[ECO "C27"]
[NIC "VG.02"]
[Time "09:07:53"]
[TimeControl "120+12"]

1. e4 e5 2. Nc3 Nf6 3. Bc4 Nxe4 4. Qh5 Nd6 5. Bb3 Nc6 6. Nb5 g6 7. Qf3 f5 8.
Qd5 Qe7 9. Nxc7+ Kd8 10. Nxa8 b6 11. d3 Bb7 12. Nxb6 axb6 13. Qf3 e4 14.
dxe4 Nd4 15. Qd3 Bg7 16. c4 Bxe4 17. Qe3 f4 18. Qxf4 Bxg2+ 19. Be3 Bxh1 20.
O-O-O Nxb3+ 21. axb3 Nc8 22. Qb8 Qe6 23. Re1 Qc6 24. Nh3 Be4 25. Bg5+ Ke8
26. f3 Kf7 27. fxe4 Qe6 28. Rf1+ Bf6 29. Rxf6+ Kg7 30. Rxe6 {Black resigns}
1-0

[Event "GambitGuide"]
[Site "Internet Chess Club"]
[Date "2014.10.31"]
[Round "1"]
[White "JSBach"]
[Black "Archilleus"]
[Result "1-0"]
[ICCResult "Black resigns"]
[WhiteElo "1698"]
[BlackElo "1348"]
[Opening "Vienna: `Frankenstein-Dracula' variation"]
[ECO "C27"]
[NIC "VG.02"]
[Time "09:11:08"]
[TimeControl "120+12"]

1. e4 e5 2. Nc3 Nf6 3. Bc4 Nxe4 4. Qh5 Nd6 5. Bb3 Nc6 6. Nb5 g6 7. Qf3 f5 8.
Qd5 Qe7 9. Nxc7+ Kd8 10. Nxa8 b6 11. d3 Nb4 12. Qf3 Bb7 13. Qg3 Bg7 14. Bg5
Bf6 15. Bxf6 Qxf6 16. c3 f4 17. Qh3 Nc6 18. Nxb6 axb6 19. Nf3 e4 20. dxe4
Nxe4 21. Rd1 Qe7 22. O-O {Black resigns} 1-0

[Event "GambitGuide"]
[Site "Internet Chess Club"]
[Date "2014.10.31"]
[Round "1"]
[White "JSBach"]
[Black "Chessprincess64"]
[Result "1-0"]
[ICCResult "Black resigns"]
[WhiteElo "1704"]
[BlackElo "2000"]
[Opening "Vienna: `Frankenstein-Dracula' variation"]
[ECO "C27"]
[NIC "VG.02"]
[Time "09:10:39"]
[TimeControl "120+12"]

1. e4 e5 2. Nc3 Nf6 3. Bc4 Nxe4 4. Qh5 Nd6 5. Bb3 Nc6 6. Nb5 g6 7. Qf3 f5 8.
Qd5 Qe7 9. Nxc7+ Kd8 10. Nxa8 b6 11. d3 Bb7 12. Nxb6 axb6 13. Qf3 Bg7 14.
Be3 Kc7 15. Bd5 Nb4 16. Bxb6+ Kxb6 17. Qe3+ Ka6 18. Bxb7+ Nxb7 19. Qd2 e4
20. d4 Bxd4 21. Rd1 Bxb2 22. Rb1 Ba3 23. Qc3 Re8 24. Qxa3+ Kb6 25. Rxb4+
{Black resigns}
1-0

[Event "GambitGuide"]
[Site "Internet Chess Club"]
[Date "2014.10.31"]
[Round "1"]
[White "JSBach"]
[Black "sheepy"]
[Result "1-0"]
[ICCResult "Black resigns"]
[WhiteElo "1704"]
[BlackElo "1040"]
[Opening "Vienna: `Frankenstein-Dracula' variation"]
[ECO "C27"]
[NIC "VG.02"]
[Time "09:09:04"]
[TimeControl "120+12"]

1. e4 e5 2. Nc3 Nf6 3. Bc4 Nxe4 4. Qh5 Nd6 5. Bb3 Nc6 6. Nb5 g6 7. Qf3 f5 8.
Qd5 Qe7 9. Nxc7+ Kd8 10. Nxa8 b6 11. d3 Bb7 12. Nxb6 axb6 13. Qf3 Nd4 14.
Qg3 f4 15. Qg4 e4 16. Bxf4 exd3+ 17. Kd1 dxc2+ 18. Bxc2 h6 19. Bxg6 Bg7 20.
Rc1 Rf8 21. Qg3 Rxf4 22. Qxf4 Bxg2 23. Be4 Bxe4 24. Rc4 Bxh1 25. Rxd4 Bxd4
26. Qxd4 Kc7 27. f3 Qf7 28. Qc3+ Kd8 29. Qh8+ Ke7 30. Qxh6 Bxf3+ 31. Nxf3
Qxf3+ 32. Kc2 Qe4+ 33. Kc1 Nc4 34. Qg5+ Kd6 35. Qf6+ Kd5 36. Qg5+ Kd4 37.
Qf6+ Kd3 38. Qf1+ Kd4 39. Qf6+ Kc5 40. h4 Qe3+ 41. Kc2 Qd2+ 42. Kb3 Qb4+ 43.
Kc2 Ne3+ 44. Kd3 Nd5 45. Qf8+ Kb5 46. Qf5 Qc4+ 47. Kd2 Kb4 48. Qxd7 Qf4+ 49.
Kc2 Ne3+ 50. Kd3 Nf5 51. a3+ Kc5 52. b4+ {Black resigns} 1-0

[Event "GambitGuide"]
[Site "Internet Chess Club"]
[Date "2014.10.31"]
[Round "1"]
[White "JSBach"]
[Black "Muzza"]
[Result "1-0"]
[ICCResult "Black resigns"]
[WhiteElo "1690"]
[BlackElo "1950"]
[Opening "Vienna: `Frankenstein-Dracula' variation"]
[ECO "C27"]
[NIC "VG.02"]
[Time "09:12:55"]
[TimeControl "120+12"]

1. e4 e5 2. Nc3 Nf6 3. Bc4 Nxe4 4. Qh5 Nd6 5. Bb3 Nc6 6. Nb5 g6 7. Qf3 f5 8.
Qd5 Qe7 9. Nxc7+ Kd8 10. Nxa8 b6 11. d3 Nd4 12. f4 Bb7 13. Qxe5 Bxa8 14. Kf1
Bg7 15. Qe3 Re8 16. Qxe7+ Rxe7 17. Kf2 Kc7 18. Kg3 Re1 19. Kf2 Re7 20. Kg3
Re1 21. Kf2 Re7 22. Ba4 b5 23. Bb3 a5 24. Bd2 a4 25. Bg8 Bf6 26. Ba5+ Kb8
27. Bd8 Rg7 28. Bxf6 Rxg8 29. Bxd4 {Black resigns} 1-0

[Event "GambitGuide"]
[Site "Internet Chess Club"]
[Date "2014.10.31"]
[Round "1"]
[White "JSBach"]
[Black "gianchan"]
[Result "1-0"]
[ICCResult "Black resigns"]
[WhiteElo "1671"]
[BlackElo "1708"]
[Opening "Vienna: `Frankenstein-Dracula' variation"]
[ECO "C27"]
[NIC "VG.02"]
[Time "09:15:01"]
[TimeControl "120+12"]

1. e4 e5 2. Nc3 Nf6 3. Bc4 Nxe4 4. Qh5 Nd6 5. Bb3 Nc6 6. Nb5 g6 7. Qf3 f5 8.
Qd5 Qe7 9. Nxc7+ Kd8 10. Nxa8 b6 11. d3 Bb7 12. Nxb6 axb6 13. Qf3 Bg7 14.
Be3 Kc7 15. Bd5 e4 16. Qf4 Be5 17. Qh6 Nb4 18. Bb3 exd3 19. cxd3 Nxd3+ 20.
Kf1 Bxb2 21. Rd1 Ba6 22. Ne2 f4 23. Rxd3 Bxd3 24. Qxf4 Rf8 25. Qg3 Kd8 26.
Bxb6+ Ke8 27. Qxd3 Nf5 28. Qc2 Ne3+ 29. Bxe3 Qxe3 30. Qc8+ Ke7 31. Qxf8+
Kxf8 32. fxe3 {Black resigns} 1-0

[Event "GambitGuide"]
[Site "Internet Chess Club"]
[Date "2014.10.31"]
[Round "1"]
[White "JSBach"]
[Black "oapa"]
[Result "1-0"]
[ICCResult "Black resigns"]
[WhiteElo "1678"]
[BlackElo "1559"]
[Opening "Vienna: `Frankenstein-Dracula' variation"]
[ECO "C27"]
[NIC "VG.02"]
[Time "09:11:11"]
[TimeControl "120+12"]

1. e4 e5 2. Nc3 Nf6 3. Bc4 Nxe4 4. Qh5 Nd6 5. Bb3 Nc6 6. Nb5 g6 7. Qf3 f5 8.
Qd5 Qe7 9. Nxc7+ Kd8 10. Nxa8 b6 11. d3 Bb7 12. Nxb6 axb6 13. Qf3 Nd4 14.
Qg3 e4 15. Bg5 Qxg5 16. Qxg5+ Be7 17. Qe3 Bf6 18. Ne2 Nxb3 19. Qxb6+ Ke7 20.
Qxb3 exd3 21. Nf4 Re8 22. a4 Kd8+ 23. Kd1 Bc6 24. Qb6+ Kc8 25. Nxd3 Bxg2 26.
Qxd6 Bxh1 27. Qa6+ Kb8 28. Qd6+ Kc8 29. Qa6+ Kc7 30. Qxf6 Bf3+ 31. Kd2 Re2+
32. Kc3 Bc6 33. Qf7 Be4 34. Qxh7 g5 35. f3 Bxf3 36. Qxf5 {Black resigns} 1-0